 Dungeon Sprint DCSS version 0.20.1-1-g8b1a95d (webtiles) character file.

608837 groucho the End of an Era (level 24, 204/204 HPs)
             Began as a Halfling Fighter on Dec 26, 2017.
             Was the Champion of Qazlal.
             Escaped with the Orb!
             The game lasted 01:00:50 (7388 turns).

groucho the End of an Era (Halfling Fighter)        Turns: 7388, Time: 01:00:50

Health: 204/204    AC: 47    Str: 29    XL:     24   Next: 1%
Magic:  53/53      EV: 38    Int:  6    God:    Qazlal [******]
Gold:   6          SH: 49    Dex: 40    Spells: 76/76 levels left

rFire    + . .     SeeInvis .   T - +4 fustibalus "Amagel" {speed, rC+ Str+2 Dex+3}
rCold    + + .     Gourm    .   m - +18 shield of the Gong {rElec rN+ MR+ EV-5}
rNeg     + . .     Faith    +   l - +15 Maxwell's patent armour {-Cast -Tele rElec MR+ rCorr}
rPois    .         Spirit   .   Q - +0 helmet of Vuetypt {Str+5}
rElec    +         Reflect  .   F - +1 cloak of Starlight {rElec rC+ EV+4 Stlth--}
rCorr    +         Harm     .   M - +0 pair of gloves {archery}
MR       +++..     NoTele   +   O - +0 pair of boots {Fly} Stlth ..........NoCast +
                                W - amulet "Gepealec" {Faith Dex+4}
Regen    0.5/turn               p - +6 ring of dexterity
MPRegen  0.4/turn               o - ring "Gyet Efi" {-Tele rF+ Str+3 Dex+4}

@: flying, repel missiles
A: mutation resistance 1
0: Orb of Zot
a: Upheaval, Elemental Force, Disaster Area, Renounce Religion, Stop Flying


You escaped.
You worshipped Qazlal.
Qazlal was exalted by your worship.
You were not hungry.

You visited 1 branch You collected 6 gold pieces.

Inventory:

Hand Weapons
 b - a +5 fustibalus of flaming
 n - the +6 shillelagh "Devastator" {shatter}
   (You found it in the Dungeon)
 T - the +4 fustibalus "Amagel" (weapon) {speed, rC+ Str+2 Dex+3}
   (You found it in the Dungeon)

   Attacks with this weapon are significantly faster.
   It affects your strength (+2).
   It affects your dexterity (+3).
   It protects you from cold.
Missiles
 c - 972 sling bullets (quivered)
Armour
 a - +9 gold dragon scales
 l - the +15 Maxwell's patent armour (worn) {-Cast -Tele rElec MR+ rCorr}
   (You found it in the Dungeon)

   It insulates you from electricity.
   It affects your resistance to hostile enchantments.
   It prevents spellcasting.
   It prevents most forms of teleportation.
   It protects you from acid and corrosion.
 m - the +18 shield of the Gong (worn) {rElec rN+ MR+ EV-5}
   (You found it in the Dungeon)

   It affects your evasion (-5).
   It insulates you from electricity.
   It protects you from negative energy.
   It affects your resistance to hostile enchantments.
 r - a scarf of repulsion
 F - the +1 cloak of Starlight (worn) {rElec rC+ EV+4 Stlth--}
   (You found it in the Dungeon)

   It affects your evasion (+4).
   It protects you from cold.
   It insulates you from electricity.
   It makes you much less stealthy.
 M - a +0 pair of gloves of archery (worn)
 O - a +0 pair of boots of flying (worn)
 Q - the +0 helmet of Vuetypt (worn) {Str+5}
   (You found it in the Dungeon)

   It affects your strength (+5).
Jewellery
 o - the ring "Gyet Efi" (right hand) {-Tele rF+ Str+3 Dex+4}
   (You took it off a vampire mage in the Dungeon)

   [ring of strength]

   It affects your strength (+3).
   It affects your dexterity (+4).
   It protects you from fire.
   It prevents most forms of teleportation.
 p - a +6 ring of dexterity (left hand)
 s - the ring of Loq Guju {rElec rF+ rN++ MP+9 Dex-5}
   (You took it off a skeletal warrior in the Dungeon)

   [ring of protection from fire]

   It affects your dexterity (-5).
   It protects you from fire.
   It insulates you from electricity.
   It greatly protects you from negative energy.
   It affects your magic capacity (+9).
 t - a +1 ring of slaying
 z - the ring of Light {rC+ Str+6 SInv}
   (You found it in the Dungeon)

   [ring of protection from cold]

   It affects your strength (+6).
   It protects you from cold.
   It lets you see invisible.
 N - the macabre finger necklace {rN+}
   (You found it in the Dungeon)

   [amulet of nothing]

   It protects you from negative energy.
 W - the amulet "Gepealec" (around neck) {Faith Dex+4}
   (You found it in the Dungeon)

   [amulet of faith]

   It allows you to gain divine favour quickly.
   It affects your dexterity (+4).
 Y - the ring "Nucw" {rElec rC+ MR- Str+4 Slay+2}
   (You found it in the Dungeon)

   [ring of strength]

   It affects your strength (+4).
   It affects your accuracy and damage with ranged weapons and melee attacks
   (+2).
   It protects you from cold.
   It insulates you from electricity.
   It affects your resistance to hostile enchantments.
 Z - a +2 ring of protection
Wands
 u - a wand of disintegration (6/24)
 v - a wand of iceblast (4/15)
 w - a wand of lightning (5/15)
 x - a wand of acid (4/15)
Scrolls
 k - 4 scrolls of blinking
 y - 4 scrolls of amnesia
 E - 4 scrolls of recharging
 G - 2 scrolls of holy word
 H - 5 scrolls of identify
 I - 4 scrolls of remove curse
 J - 2 scrolls of fear
 P - 9 scrolls of brand weapon
Potions
 d - 7 potions of might
 e - 10 potions of curing
 g - 12 potions of heal wounds
 h - 8 potions of haste
 i - 5 potions of magic
 j - 2 potions of berserk rage
 q - 3 potions of lignification {unknown}
 A - 2 potions of invisibility
 B - 4 potions of resistance
 D - 8 potions of agility
 U - 2 potions of flight {unknown}
Miscellaneous
 R - a fan of gales
 S - 11 phantom mirrors
 X - a fan of gales
Comestibles
 f - 3 bread rations
 K - 42 fruits
 L - 2 meat rations
 V - 3 royal jellies


   Skills:
 O Level 27 Fighting
 - Level 1.7 Maces & Flails
 O Level 27 Slings
 O Level 27 Armour
 O Level 27 Dodging
 O Level 27 Shields
 + Level 26.8 Spellcasting
 O Level 27 Invocations
 O Level 27 Evocations


You had 76 spell levels left.
You didn't know any spells.

Dungeon Overview and Level Annotations

Branches:
Dungeon (1/1)

Altars:
Ashenzari
Cheibriados
Dithmenos
Elyvilon
Fedhas
Gozag
Hepliaklqana
Kikubaaqudgha
Makhleb
Nemelex Xobeh
Okawaru
Qazlal
Ru
Sif Muna
Trog
Uskayaw
Vehumet
Xom
Yredelemnul
Zin
The Shining One
Beogh
Jiyva
Lugonu


Innate Abilities, Weirdness & Mutations

You are small and have problems with some larger weapons.
You are somewhat resistant to further mutation.


Message History

Key pressed, stopping explore.
Unknown command.
Unknown command.
Unknown command.
c - 972 sling bullets (gained 1) Done exploring.
Unknown command.
Unknown command.
Done exploring.
There is a staircase leading out of the dungeon, spattered with blood here.
Things that are here:
a halberd of flaming; a plate armour You feel more experienced!
You have reached level 24!
Your experience leads to an increase in your attributes!
Your base attributes are Str 19, Int 6, Dex 22.
Increase (S)trength, (I)ntelligence, or (D)exterity?
You feel agile.
Unknown command.
You have escaped!

.))(().)....▓..▓.......▓..▓...8©8
)(.)))()....▓.▓▓▓.....▓▓▓.▓...):[
))..).))....▓..▓.......▓..▓...)|.
..).).......▓.............▓...:).
..(.........▓.............▓......
...((.......▓▓▓▓▓▓▓▓▓▓▓▓▓▓▓......
.(.(........▓8888888888888▓......
▓...(...▓...▓8...§.......8▓..▓...
....(.(.....▓8..@........8▓.▓....
..((........▓8....§......8▓......
............▓8888888888888▓▓▓▓▓▓▓
▓▓▓▓▓▓▓▓▓▓▓▓▓▓▓▓▓▓▓▓▓▓▓▓▓▓▓▓▓▓▓▓▓
.....8©8).}.....▓........8©8.....
[.:)=[..|=..).}.▓.}:})).).)[[..::
}:|===}.:...:}.[▓.||)(..}|[[)|}[.
:.)[:".[........▓.}...)..?.)|..:.
.......).......|▓..(..÷...[.|."..


There were no monsters in sight!

Vanquished Creatures
  An ancient lich (D)
  An Ice Fiend (D)
  21 pandemonium lords (D)
  A tentacled monstrosity (D)
  5 Orb Guardians (D)
  4 acid blobs (D)
  8 quicksilver dragons (D)
  4 deep elf master archers (D)
  An eldritch tentacle (D)
  3 krakens (D)
  3 draconian monks (D)
  2 shadow dragons (D)
  Kirke (D)
  5 azure jellies (D)
  Roxanne (D)
  Donald (D)
  2 fire giants (D)
  A balrug (D)
  11 iron dragons (D)
  A draconian scorcher (D)
  3 draconian knights (D)
  2 frost giants (D)
  3 emperor scorpions (D)
  3 ghost moths (D)
  Aizul (D)
  2 ghouls (D)
  3 cacodemons (D)
  A draconian stormcaller (D)
  2 draconian annihilators (D)
  A reaper (D)
  2 draconian shifters (D)
  An ironheart preserver (D)
  11 stone giants (D)
  A vampire knight (D)
  16 black draconians (D)
  2 entropy weavers (D)
  8 white draconians (D)
  8 green draconians (D)
  10 yellow draconians (D)
  A lorocyproca (D)
  Azrael (D)
  12 purple draconians (D)
  8 red draconians (D)
  Snorg (D)
  3 mummy priests (D)
  9 crystal guardians (D)
  4 death oozes (D)
  2 blizzard demons (D)
  12 merfolk impalers (D)
  A green death (D)
  12 merfolk javelineers (D)
  6 yaktaur captains (D)
  Josephine (D)
  2 vault guards (D)
  2 great orbs of eyes (D)
  A hell beast (D)
  Harold (D)
  2 ice dragons (D)
  An alligator snapping turtle (D)
  Erica (D)
  3 centaur warriors (D)
  6 merfolk aquamancers (D)
  A death scarab (D)
  A satyr (D)
  3 vampire magi (D)
  5 hell hogs (D)
  A dancing weapon (D)
  8 iron golems (D)
  2 sixfirhies (D)
  Nergalle (D)
  2 soul eaters (D)
  A sea snake (D)
  An infernal demonspawn (D)
  2 skeletal warriors (D)
  A flayed ghost (D)
  A harpy (D)
  2 shining eyes (D)
  3 necromancers (D)
  2 wolf spiders (D)
  2 draconians (D)
  4 orb spiders (D)
  2 cyclopes (D)
  A faun (D)
  5 moths of wrath (D)
  5 manticores (D)
  Psyche (D)
  A water nymph (D)
  Maurice (D)
  4 rust devils (D)
  3 eyes of devastation (D)
  3 smoke demons (D)
  2 merfolk sirens (D)
  2 gargoyles (D)
  2 vault sentinels (D)
  A torpor snail (D)
  An orange demon (D)
  2 hellions (D)
  2 rime drakes (D)
  3 freezing wraiths (D)
  7 demonic crawlers (D)
  5 hellwings (D)
  6 yaktaurs (D)
  6 tormentors (D)
  4 efreet (D)
  2 ice devils (D)
  A red devil (D)
  13 merfolk (D)
  4 guardian mummies (D)
  13 jumping spiders (D)
  3 polar bears (D)
  6 hippogriffs (D)
  A raiju (D)
  11 slime creatures (D)
  8 hornets (D)
  5 snapping turtles (D)
  Sigmund (D)
  7 tarantellas (D)
  2 flying skulls (D)
  3 shadows (D)
  2 ushabtiu (D)
  A spriggan (D)
  5 redbacks (D)
  A fire elemental (D)
  A wraith (D)
  Grum (D)
  4 golden eyes (D)
  A chaos spawn (D)
  Menkaure (D)
  A water moccasin (D)
  3 floating eyes (D)
  A phantom (D)
  A necrophage (D)
  2 black bears (D)
  2 wolves (D)
  2 centaurs (D)
  12 earth elementals (D)
  2 scorpions (D)
  5 wights (D)
  5 jellies (D)
  Crazy Yiuf (D)
  7 iron imps (D)
  Jessica (D)
  6 mummies (D)
  2 adders (D)
  A white imp (D)
  2 ufetubi (D)
  A spectral adder (D)
  2 oozes (D)
  2 adder skeletons (D)
  6 adder zombies (D)
  An adder simulacrum (D)
  2 spectral bats (D)
  A ball python (D)
  4 bat skeletons (D)
  3 bat zombies (D)
  2 ball python skeletons (D)
  A ball python zombie (D)
  2 giant cockroach zombies (D)
  A jackal zombie (D)
  A spectral giant cockroach (D)
  2 tentacles (D)
545 creatures vanquished.

Vanquished Creatures (others)
  A hell hog (D)
  A sixfirhy (D)
  A large abomination (D)
  A shadow imp (D)
  A white imp (D)
  10 tentacles (D)
15 creatures vanquished.

Grand Total: 560 creatures vanquished

Notes
Turn   | Place    | Note
-------+----------+-------------------------------------------
     0 | D        | groucho the Halfling Fighter began the quest for the Orb.
     0 | D        | Reached XP level 1. HP: 15/15 MP: 1/1
    16 | D        | Found a blossoming altar of Fedhas.
    17 | D        | Found a viscous altar of Jiyva.
    17 | D        | Found a hazy altar of Hepliaklqana.
    17 | D        | Found a transporter.
    17 | D        | Found an opulent altar of Gozag.
    17 | D        | Found an ancient bone altar of Kikubaaqudgha.
    17 | D        | Found a corrupted altar of Lugonu.
    30 | D        | Found a burning altar of Makhleb.
    31 | D        | Found an iron altar of Okawaru.
    31 | D        | Found a stormy altar of Qazlal.
    31 | D        | Found a sparkling altar of Nemelex Xobeh.
    31 | D        | Found a sacrificial altar of Ru.
    31 | D        | Found a deep blue altar of Sif Muna.
    33 | D        | Found a bloodstained altar of Trog.
    79 | D        | Became a worshipper of Qazlal Stormbringer
    95 | D        | Entered arena 2.
    95 | D        | Noticed a polar bear
    95 | D        | Noticed a polar bear
    95 | D        | Found a transporter.
   108 | D        | Killed a polar bear
   108 | D        | Reached skill level 5 in Fighting
   108 | D        | Reached skill level 5 in Invocations
   108 | D        | Reached XP level 2. HP: 25/25 MP: 1/5
   108 | D        | Reached XP level 3. HP: 30/30 MP: 1/7
   108 | D        | Reached XP level 4. HP: 36/36 MP: 1/8
   108 | D        | Reached XP level 5. HP: 41/41 MP: 1/9
   108 | D        | Reached XP level 6. HP: 46/46 MP: 1/10
   113 | D        | Killed a polar bear
   113 | D        | Reached XP level 7. HP: 54/54 MP: 1/12
   267 | D        | Entered arena 3.
   267 | D        | Noticed a raiju
   267 | D        | Found a transporter.
   268 | D        | Reached * piety under Qazlal
   270 | D        | Killed a raiju
   270 | D        | Reached ** piety under Qazlal
   281 | D        | Entered arena 4.
   281 | D        | Noticed a water moccasin
   281 | D        | Found a transporter.
   287 | D        | Killed a water moccasin
   287 | D        | Reached skill level 5 in Slings
   287 | D        | Reached XP level 8. HP: 61/61 MP: 14/14
   294 | D        | Entered arena 5.
   294 | D        | Noticed a merfolk
   294 | D        | Noticed a merfolk
   294 | D        | Noticed a merfolk
   294 | D        | Noticed a merfolk
   294 | D        | Found a transporter.
   303 | D        | Killed a merfolk
   306 | D        | Killed a merfolk
   306 | D        | Reached *** piety under Qazlal
   306 | D        | Reached skill level 10 in Armour
   306 | D        | Reached skill level 10 in Shields
   307 | D        | Killed a merfolk
   312 | D        | Killed a merfolk
   312 | D        | Reached skill level 10 in Invocations
   312 | D        | Reached XP level 9. HP: 43/68 MP: 4/16
   703 | D        | Entered arena 6.
   703 | D        | Found a transporter.
   704 | D        | Reached **** piety under Qazlal
   725 | D        | Entered arena 7.
   725 | D        | Noticed a black draconian
   725 | D        | Noticed a yellow draconian
   725 | D        | Noticed a yellow draconian
   725 | D        | Noticed a draconian
   725 | D        | Noticed a draconian
   725 | D        | Noticed a black draconian
   730 | D        | Found a transporter.
   732 | D        | Killed a draconian
   732 | D        | Reached skill level 10 in Slings
   732 | D        | Killed a yellow draconian
   732 | D        | Reached skill level 10 in Fighting
   732 | D        | Reached XP level 10. HP: 56/76 MP: 0/18
   733 | D        | Killed a yellow draconian
   737 | D        | Killed a draconian
   737 | D        | Reached ***** piety under Qazlal
   770 | D        | Killed a black draconian
   770 | D        | Reached XP level 11. HP: 44/83 MP: 6/20
   772 | D        | Killed a black draconian
  1003 | D        | Entered arena 8.
  1003 | D        | Noticed a vault guard
  1003 | D        | Noticed an ironheart preserver
  1003 | D        | Noticed a vault guard
  1011 | D        | Killed a vault guard
  1015 | D        | Killed a vault guard
  1024 | D        | Killed an ironheart preserver
  1025 | D        | Found a transporter.
  1046 | D        | Got the cursed +0 helmet of Vuetypt {Str+5}
  1150 | D        | Entered arena 9.
  1150 | D        | Noticed a shining eye
  1154 | D        | Killed a shining eye
  1158 | D        | Found a transporter.
  1191 | D        | Entered arena 10.
  1192 | D        | Found a transporter.
  1193 | D        | Reached XP level 12. HP: 92/92 MP: 19/22
  1193 | D        | Reached ****** piety under Qazlal
  1382 | D        | Entered arena 11.
  1383 | D        | Found a transporter.
  1385 | D        | Reached skill level 15 in Invocations
  1385 | D        | Reached skill level 15 in Armour
  1405 | D        | Got the +4 fustibalus "Amagel" {speed, rC+ Str+2 Dex+3}
  1539 | D        | Entered arena 12.
  1539 | D        | Noticed a hell hog
  1539 | D        | Noticed a hell hog
  1539 | D        | Noticed a hell hog
  1540 | D        | Noticed a fire giant
  1540 | D        | Noticed a fire giant
  1545 | D        | Reached skill level 15 in Shields
  1545 | D        | Killed a hell hog
  1545 | D        | Killed a hell hog
  1546 | D        | Killed a fire giant
  1548 | D        | Killed a hell hog
  1549 | D        | Killed a fire giant
  1549 | D        | Reached XP level 13. HP: 70/100 MP: 9/25
  1555 | D        | Found a transporter.
  1570 | D        | Got the ring "Voecodig" {+Fly rElec EV+3 Stlth-}
  1631 | D        | Entered arena 13.
  1634 | D        | Reached skill level 1 in Dodging
  1635 | D        | Found a transporter.
  1649 | D        | Got the amulet "Gepealec" {Faith Dex+4}
  1785 | D        | Entered arena 14.
  1786 | D        | Noticed a merfolk javelineer
  1786 | D        | Noticed a merfolk impaler
  1786 | D        | Noticed a merfolk javelineer
  1787 | D        | Noticed a merfolk javelineer
  1787 | D        | Noticed a merfolk javelineer
  1788 | D        | Found a transporter.
  1789 | D        | Killed a merfolk javelineer
  1789 | D        | Killed a merfolk javelineer
  1791 | D        | Killed a merfolk javelineer
  1791 | D        | Killed a merfolk javelineer
  1791 | D        | Reached skill level 5 in Dodging
  1791 | D        | Killed a merfolk impaler
  1927 | D        | Entered arena 15.
  1928 | D        | Noticed an ice dragon
  1928 | D        | Noticed a frost giant
  1928 | D        | Noticed a blizzard demon
  1928 | D        | Noticed a frost giant
  1928 | D        | Noticed an ice dragon
  1930 | D        | Killed a blizzard demon
  1930 | D        | Killed a frost giant
  1930 | D        | Killed an ice dragon
  1930 | D        | Killed a frost giant
  1930 | D        | Reached XP level 14. HP: 86/108 MP: 27/27
  1931 | D        | Found a transporter.
  2038 | D        | Entered arena 16.
  2039 | D        | Noticed a shadow dragon
  2039 | D        | Noticed a ghoul
  2041 | D        | Noticed a shadow dragon
  2046 | D        | Noticed a ghoul
  2050 | D        | Killed a ghoul
  2050 | D        | Reached skill level 15 in Fighting
  2050 | D        | Killed a shadow dragon
  2053 | D        | Killed a shadow dragon
  2055 | D        | Killed a ghoul
  2260 | D        | Found a transporter.
  2300 | D        | Entered arena 17.
  2302 | D        | Noticed a white draconian
  2302 | D        | Noticed an Orb Guardian
  2302 | D        | Noticed a black draconian
  2302 | D        | Noticed a quicksilver dragon
  2302 | D        | Noticed a green draconian
  2303 | D        | Noticed a yellow draconian
  2303 | D        | Noticed a red draconian
  2303 | D        | Noticed an Orb Guardian
  2303 | D        | Noticed a tentacled monstrosity
  2303 | D        | Noticed a green draconian
  2303 | D        | Noticed a white draconian
  2304 | D        | Noticed a purple draconian
  2304 | D        | Noticed a black draconian
  2304 | D        | Killed a black draconian
  2304 | D        | Killed a quicksilver dragon
  2304 | D        | Reached skill level 10 in Dodging
  2304 | D        | Killed a green draconian
  2304 | D        | Killed an Orb Guardian
  2304 | D        | Killed a yellow draconian
  2304 | D        | Killed an Orb Guardian
  2304 | D        | Killed a red draconian
  2305 | D        | Killed a white draconian
  2305 | D        | Killed a white draconian
  2305 | D        | Killed a green draconian
  2305 | D        | Reached XP level 15. HP: 114/117 MP: 21/29
  2305 | D        | Killed a tentacled monstrosity
  2307 | D        | Found a transporter.
  2406 | D        | Entered arena 18.
  2436 | D        | Found a transporter.
  2452 | D        | Got the ring "Moseh" {rElec MP-9 Slay+3 Stlth+}
  2521 | D        | Entered arena 19.
  2523 | D        | Noticed Kirke
  2523 | D        | Noticed Azrael
  2523 | D        | Noticed Psyche
  2524 | D        | Noticed Jessica
  2524 | D        | Noticed Maurice
  2524 | D        | Noticed Erica
  2524 | D        | Noticed Nergalle
  2524 | D        | Noticed Crazy Yiuf
  2524 | D        | Noticed Sigmund
  2524 | D        | Noticed Snorg
  2524 | D        | Noticed Harold
  2524 | D        | Noticed Roxanne
  2524 | D        | Noticed Donald
  2525 | D        | Noticed Grum
  2525 | D        | Noticed Aizul
  2525 | D        | Noticed Menkaure
  2525 | D        | Noticed Josephine
  2526 | D        | Killed Nergalle
  2526 | D        | Killed Maurice
  2526 | D        | Killed Menkaure
  2526 | D        | Killed Jessica
  2526 | D        | Killed Harold
  2526 | D        | Killed Grum
  2526 | D        | Killed Josephine
  2526 | D        | Killed Crazy Yiuf
  2526 | D        | Killed Snorg
  2526 | D        | Killed Kirke
  2526 | D        | Killed Sigmund
  2526 | D        | Killed Erica
  2526 | D        | Killed Azrael
  2527 | D        | Killed Donald
  2527 | D        | Killed Aizul
  2528 | D        | Killed Psyche
  2530 | D        | Killed Roxanne
  2531 | D        | Found a transporter.
  2540 | D        | Got the ring "Kotak" {rPois Dex+3 Stlth-}
  2592 | D        | Entered arena 20.
  2597 | D        | Noticed an ancient lich
  2601 | D        | Killed an ancient lich
  2601 | D        | Reached XP level 16. HP: 127/127 MP: 23/32
  2602 | D        | Found a transporter.
  2623 | D        | Got the ring "Gyet Efi" {-Tele rF+ Str+3 Dex+4}
  2643 | D        | Entered arena 21.
  2651 | D        | Reached skill level 15 in Dodging
  2663 | D        | Found a transporter.
  2675 | D        | Got the ring of Loq Guju {rElec rF+ rN++ MP+9 Dex-5}
  2932 | D        | Entered arena 22.
  2939 | D        | Noticed a deep elf master archer
  2941 | D        | Noticed a deep elf master archer
  2942 | D        | Noticed a deep elf master archer
  2943 | D        | Noticed a deep elf master archer
  2944 | D        | Killed a deep elf master archer
  2944 | D        | Killed a deep elf master archer
  2944 | D        | Killed a deep elf master archer
  2944 | D        | Killed a deep elf master archer
  2944 | D        | Reached XP level 17. HP: 87/135 MP: 29/34
  2945 | D        | Identified the +4 falchion of True Grit {speed, rF- rN+ Str+4 Stlth+}
  2955 | D        | Found a transporter.
  2966 | D        | Got the amulet "Xul Higg" {+Rage rF+}
  3035 | D        | Entered arena 23.
  3040 | D        | Noticed Teir the pandemonium lord
  3040 | D        | Noticed Lytosuc the pandemonium lord
  3040 | D        | Noticed Camon the pandemonium lord
  3040 | D        | Noticed Suniga the pandemonium lord
  3040 | D        | Noticed Isuyxuus the pandemonium lord
  3041 | D        | Noticed Reote the pandemonium lord
  3041 | D        | Noticed Gitubecw the pandemonium lord
  3041 | D        | Noticed Xitid the pandemonium lord
  3041 | D        | Noticed Ifaderam the pandemonium lord
  3041 | D        | Noticed Unath the pandemonium lord
  3041 | D        | Noticed Huddedo the pandemonium lord
  3041 | D        | Noticed Ubapot the pandemonium lord
  3041 | D        | Noticed Noryi the pandemonium lord
  3041 | D        | Noticed Woyckyew the pandemonium lord
  3042 | D        | Noticed Kimniets the pandemonium lord
  3042 | D        | Killed Isuyxuus the pandemonium lord
  3042 | D        | Reached skill level 27 in Invocations
  3042 | D        | Killed Suniga the pandemonium lord
  3042 | D        | Killed Teir the pandemonium lord
  3042 | D        | Killed Ifaderam the pandemonium lord
  3043 | D        | Noticed Tiath the pandemonium lord
  3043 | D        | Killed Woyckyew the pandemonium lord
  3043 | D        | Killed Reote the pandemonium lord
  3043 | D        | Reached XP level 18. HP: 130/149 MP: 27/35
  3043 | D        | Killed Gitubecw the pandemonium lord
  3043 | D        | Killed Hoh Hajeemy the pandemonium lord
  3043 | D        | Killed Unath the pandemonium lord
  3043 | D        | Reached XP level 19. HP: 139/160 MP: 27/36
  3043 | D        | Killed Huddedo the pandemonium lord
  3044 | D        | Killed Xitid the pandemonium lord
  3044 | D        | Killed Ubapot the pandemonium lord
  3044 | D        | Reached skill level 27 in Armour
  3044 | D        | Reached skill level 27 in Shields
  3044 | D        | Killed Noryi the pandemonium lord
  3044 | D        | Killed Kimniets the pandemonium lord
  3048 | D        | Killed Tiath the pandemonium lord
  3050 | D        | Killed Lytosuc the pandemonium lord
  3052 | D        | Noticed Geon the pandemonium lord
  3055 | D        | Noticed Wonacwee the pandemonium lord
  3057 | D        | Noticed Byitz the pandemonium lord
  3060 | D        | Noticed Kiph the pandemonium lord
  3065 | D        | Killed Byitz the pandemonium lord
  3065 | D        | Killed Kiph the pandemonium lord
  3065 | D        | Reached skill level 27 in Dodging
  3065 | D        | Killed Geon the pandemonium lord
  3065 | D        | Killed Wonacwee the pandemonium lord
  3065 | D        | Killed Camon the pandemonium lord
  3065 | D        | Reached skill level 27 in Fighting
  3065 | D        | Reached skill level 15 in Slings
  3065 | D        | Reached skill level 1 in Spellcasting
  3086 | D        | Found a transporter.
  3212 | D        | Entered arena 24.
  3220 | D        | Reached XP level 20. HP: 177/177 MP: 37/37
  3220 | D        | Reached skill level 5 in Spellcasting
  3222 | D        | Found a transporter.
  3265 | D        | Entered arena 25.
  3275 | D        | Reached skill level 10 in Spellcasting
  3275 | D        | Reached skill level 27 in Slings
  3283 | D        | Reached skill level 5 in Evocations
  3293 | D        | Found a transporter.
  3372 | D        | Entered arena 26.
  3383 | D        | Reached skill level 15 in Spellcasting
  3383 | D        | Reached skill level 10 in Evocations
  3383 | D        | Reached XP level 21. HP: 183/183 MP: 24/40
  3750 | D        | Found a transporter.
  3791 | D        | Got the ring of Light {rC+ Str+6 SInv}
  3843 | D        | Entered arena 27.
  3856 | D        | Reached skill level 15 in Evocations
  3958 | D        | Found a transporter.
  4001 | D        | Got a scorched hat
  4015 | D        | Identified the +0 hat of Sunnaf {Str+6 Dex+4} (You acquired it in the Dungeon)
  4088 | D        | Got the ring "Nucw" {rElec rC+ MR- Str+4 Slay+2}
  4119 | D        | Entered arena 28.
  4136 | D        | Reached XP level 22. HP: 190/190 MP: 45/47
  4155 | D        | Reached skill level 27 in Evocations
  4259 | D        | Found a transporter.
  4336 | D        | Got the Orb of Zot
  7363 | D        | Reached XP level 23. HP: 197/197 MP: 53/53
  7386 | D        | Reached XP level 24. HP: 204/204 MP: 53/53
  7388 | D        | Escaped with the Orb!

Skill      XL: |  1  2  3  4  5  6  7  8  9 10 11 12 13 14 15 16 17 18 19 20 21 22 |
---------------+-------------------------------------------------------------------+-----
Fighting       | 5 7 9 10 11 12 13 14 16 17 18 21 23 27 | 27.0
Armour         | 7 8 9 10 12 14 15 17 18 20 21 24 26 27 | 27.0
Shields        | 7 8 9 10 12 14 15 17 18 20 21 24 26 27 | 27.0
Invocations    | 5 7 8 10 11 12 14 17 19 21 24 26 27 | 27.0
Slings         | 5 8 11 12 14 16 27 | 27.0
Dodging        | 7 11 14 16 21 23 27 | 27.0
Spellcasting   | 3 15 21 26 | 26.8
Evocations     | 11 22 27 | 27.0
Maces & Flails | |  1.7

Action                   |  1- 3 |  4- 6 |  7- 9 | 10-12 | 13-15 | 16-18 | 19-21 | 22-24 || total
-------------------------+-------+-------+-------+-------+-------+-------+-------+-------++-------
Melee: Shillelagh        |     9 |     5 |    23 |    16 |       |       |       |       ||    53
 Fire: Fustibalus        |       |       |       |    32 |    26 |    17 |    92 |    88 ||   255
Invok: Upheaval          |       |       |     7 |     7 |       |     2 |       |       ||    16
       Disaster Area     |       |       |       |     5 |    11 |     3 |    12 |     6 ||    37
       Elemental Force   |       |       |       |     1 |       |       |       |       ||     1
 Abil: Stop Flying       |       |       |       |       |       |     1 |       |       ||     1
       Evoke Flight      |       |       |       |       |       |       |     1 |       ||     1
Evoke: Fan of gales      |       |       |       |     1 |     4 |       |     3 |       ||     8
       Wand              |       |       |       |       |       |       |       |     3 ||     3
  Use: Potion            |     3 |       |       |     8 |       |     3 |     1 |     1 ||    16
       Scroll            |       |       |       |     1 |       |       |     6 |       ||     7
  Eat: Meat ration       |       |       |       |     1 |       |       |       |     1 ||     2
       Chunk             |       |       |       |       |       |     1 |     3 |       ||     4
       Bread ration      |       |       |       |       |       |       |       |     2 ||     2
Armor: Plate armour      |    10 |     5 |    13 |     7 |     3 |       |     9 |     1 ||    48
Dodge: Dodged            |     2 |     2 |     1 |     1 |     1 |     4 |    50 |    10 ||    71
       Deflected         |       |       |       |       |     1 |     1 |     2 |       ||     4
Block: Shield            |    31 |    11 |    42 |    55 |    22 |    26 |   113 |    30 ||   330
